AoeStats
← Andy

Arena

509876867Analyzed
4v4 RM · 5d ago on Sep 28, 2026· 47m 58s· 8 players
Game mode
Random Map
Map size
Large (8 player)
Population
200
Speed
Normal
Resources
Standard
Victory
Conquest
Starting age
Dark Age
Ending age
Imperial Age
RankedLock teamsTeams togetherTeam positionsShared explorationLock speedFull tech treeHidden civsTurbo modeCheats
Victory
Defeat
🇨🇦 Burmese · Canada
1408
+16
🇨🇳 Persians · China
1383
+17
🇺🇦 Slavs · Ukraine
1363
+18
🇹🇼 Britons · Taiwan
1329
+20
🇭🇰 Portuguese · Hong Kong SAR China
1607
-25
🇭🇰 Turks · Hong Kong SAR China
1450
-19
🇭🇰 Cumans · Hong Kong SAR China
1405
-18
🇭🇰 Teutons · Hong Kong SAR China
1184
-9
エメリン
10:39 Feudal Age
14:58 Castle Age
13:20 Horse Collar
13:26 Double-Bit Axe
13:41 Town Watch
16:05 Bow Saw
15:56 Heavy Plow
15:46 Loom
29:25 Imperial Age
27:03 Fletching
28:26 Bodkin Arrow
30:35 Forging
30:31 Scale Barding Armor
32:11 Bloodlines
32:51 Pikeman
33:31 Squires
35:13 Scale Mail Armor
36:14 Halberdier
39:08 Conscription
40:32 Coinage
40:49 Iron Casting
41:59 Chain Barding Armor
42:39 Blast Furnace
42:57 Husbandry
43:25 Cavalier
44:45 Plate Barding Armor
45:04 Stone Mining
45:05 Gold Mining
45:06 Light Cavalry
48:40 Chain Mail Armor
49:06 Wheelbarrow
TheWolf
11:01 Feudal Age
15:48 Castle Age
17:11 Loom
17:40 Redemption
20:26 Fervor
20:09 Gold Mining
23:05 Sanctity
33:30 Imperial Age
32:14 Wheelbarrow
31:25 Town Watch
31:22 Horse Collar
32:17 Gold Shaft Mining
33:21 Scale Barding Armor
33:27 Forging
34:09 Bloodlines
33:59 Husbandry
34:29 Chain Barding Armor
34:23 Fletching
34:46 Stone Mining
36:29 Iron Casting
36:03 Bodkin Arrow
40:24 Plate Barding Armor
HPer
0:31 Loom
6:04 Loom
9:10 Feudal Age
9:22 Feudal Age
10:50 Double-Bit Axe
19:03 Castle Age
17:24 Horse Collar
20:15 Bow Saw
20:05 Town Watch
21:27 Stone Mining
23:49 Wheelbarrow
24:25 Fletching
25:50 Bodkin Arrow
27:11 Ballistics
26:44 Gold Mining
27:54 Hand Cart
33:06 Imperial Age
30:28 Treadmill Crane
31:00 Padded Archer Armor
32:21 Yeomen
32:45 Gold Shaft Mining
33:53 Bracer
35:00 Chemistry
35:05 Elite Longbowman
36:49 Conscription
36:33 Guard Tower
37:00 Leather Archer Armor
37:05 Arrowslits
38:42 Keep
38:46 Masonry
40:24 Siege Engineers
41:52 Architecture
41:19 Murder Holes
41:56 Ring Archer Armor
42:42 Coinage
45:45 Banking
秦墨子
10:43 Feudal Age
15:46 Castle Age
15:03 Double-Bit Axe
16:20 Wheelbarrow
17:05 Bow Saw
18:31 Horse Collar
19:47 Heavy Plow
21:01 Gold Mining
22:31 Hand Cart
23:03 Loom
27:25 Imperial Age
24:58 Squires
24:58 Stone Mining
26:10 Husbandry
26:20 Bloodlines
28:11 Caravan
29:36 Conscription
29:53 Stone Shaft Mining
29:59 Gold Shaft Mining
29:48 Forging
29:43 Scale Barding Armor
29:56 Herbal Medicine
32:13 Iron Casting
31:59 Chain Barding Armor
33:17 Two-Man Saw
32:51 Crop Rotation
32:06 Cavalier
32:06 Heavy Camel Rider
34:53 Blast Furnace
35:26 Pikeman
35:52 Arson
37:50 Chemistry
37:00 Town Watch
37:23 Scale Mail Armor
37:59 Plate Barding Armor
38:06 Savar
41:37 Light Cavalry
42:52 Ballistics
42:59 Hussar
43:11 Halberdier
44:11 Chain Mail Armor
43:47 Fletching
48:06 Plate Mail Armor
47:32 Bodkin Arrow
fredyuen0517
6:20 Loom
8:31 Feudal Age
9:39 Double-Bit Axe
10:05 Horse Collar
20:16 Castle Age
19:07 Wheelbarrow
19:03 Gold Mining
19:19 Scale Barding Armor
19:42 Forging
20:50 Bloodlines
21:17 Bow Saw
22:53 Stone Mining
24:24 Light Cavalry
26:18 Chain Barding Armor
27:12 Iron Casting
27:12 Town Watch
30:10 Coinage
32:18 Imperial Age
29:46 Fletching
32:27 Hand Cart
32:35 Cavalier
33:51 Plate Barding Armor
34:17 Two-Man Saw
33:19 Heavy Plow
34:47 Blast Furnace
34:35 Coinage
34:28 Bodkin Arrow
34:18 Capped Ram
38:27 Banking
39:12 Hussar
41:50 Siege Ram
46:55 Pikeman
47:52 Scale Mail Armor
Andy
10:17 Feudal Age
9:27 Loom
14:28 Castle Age
12:36 Double-Bit Axe
13:43 Gold Mining
24:16 Fletching
26:55 Bow Saw
32:17 Imperial Age
32:20 Stone Mining
33:09 Town Watch
33:59 Wheelbarrow
38:03 Elite Organ Gun
39:15 Arquebus
41:02 Chemistry
40:23 Ballistics
41:55 Bombard Tower
41:42 Siege Engineers
41:47 Masonry
41:18 Treadmill Crane
42:49 Conscription
45:23 Bodkin Arrow
46:20 Architecture
45:45 Murder Holes
勤奮的兔兔
10:08 Feudal Age
14:28 Castle Age
13:09 Double-Bit Axe
13:05 Horse Collar
15:30 Bow Saw
17:03 Wheelbarrow
16:23 Stone Mining
20:06 Loom
27:03 Padded Archer Armor
31:36 Imperial Age
29:31 Scale Barding Armor
29:37 Forging
30:30 Chain Barding Armor
31:17 Hand Cart
30:48 Town Watch
31:40 Iron Casting
31:45 Bloodlines
31:36 Husbandry
31:42 Gold Mining
33:23 Plate Barding Armor
33:58 Blast Furnace
33:10 Heavy Camel Rider
34:31 Bombard Tower
36:02 Heavy Plow
37:38 Ballistics
37:09 Fletching
40:23 Bodkin Arrow
40:59 Bracer
41:15 Leather Archer Armor
41:13 Masonry
40:43 Treadmill Crane
42:17 Fortified Wall
42:38 Architecture
41:36 Heavy Cavalry Archer
42:22 Thumb Ring
43:16 Caravan
44:18 Ring Archer Armor
44:19 Parthian Tactics
TOXIC18
9:26 Feudal Age
8:42 Loom
15:16 Double-Bit Axe
16:56 Horse Collar
18:34 Wheelbarrow
29:00 Castle Age
27:11 Scale Mail Armor
27:15 Gold Mining
30:28 Bow Saw
30:42 Hand Cart
32:57 Chain Mail Armor
33:25 Fortified Wall
34:34 Forging
34:27 Stone Mining
37:14 Pikeman
41:45 Imperial Age
41:59 Squires
42:37 Iron Casting
42:27 Elite Skirmisher
42:59 Fletching
44:03 Bodkin Arrow
45:06 Padded Archer Armor
Connection lost

Rejoining the realm…

Still unreachable

The connection could not be restored.

Session expired

The server has moved on; the page needs a fresh start.